 Dungeon Sprint DCSS version bcrawl-1.23.3 (webtiles) character file.

Game seed: 10696593257960187813

221889 MordorOrchid the Fairy Barricade (level 17, -15/127 HPs)
             Began as a Fairy Air Elementalist on June 1, 2020.
             Was the Champion of Vehumet.
             Killed from afar by an ancient lich (66 damage)
             ... with a bolt of fire
             ... in the Dungeon (Sprint IX: "|||||||||||||||||||||||||||||").
             The game lasted 00:53:47 (4321 turns).

MordorOrchid the Fairy Barricade (FrAE)             Turns: 4321, Time: 00:53:48

Health: -15/127    AC: 14    Str:  6    XL:     17   Next: 70%
Magic:  39/49      EV: 31    Int: 36    God:    Vehumet [******]
Gold:   199        SH: 27    Dex: 16    Spells: 8/68 levels left

rFire    . . .     SeeInvis .   y - +2 rapier (elec)
rCold    . . .     Gourm    .   G - +0 medium shield (curse)
rNeg     . . .     Faith    +   (armour unavailable)
rPois    +         Spirit   .   Q - +0 helmet of Guma {Int+7 Stlth-}
rElec    +         Reflect  .   s - +1 cloak {+Inv}
rCorr    .         Harm     .   p - +2 pair of gloves
MR       ++...     NoTele   +   (no boots)
Stlth    ..........             T - amulet of Esal {Faith rPois}
HPRegen  0.31/turn              I - ring of protection from magic
MPRegen  0.31/turn              r - ring "Ifoedeer" {rElec Int+6}

@: lethally poisoned (-15 -> -24)
A: small, magic attunement, unstealthy, unfitting armour, able to fly, AC/SH +8
}: 4/17 runes: decaying, serpentine, barnacled, gossamer
a: Fly, Renounce Religion, Evoke Invisibility


You were in the Dungeon.
You worshipped Vehumet.
Vehumet was exalted by your worship.
You were hungry.

You visited 1 branch You collected 1958 gold pieces.
You spent 1759 gold pieces at shops.

Inventory:

Hand Weapons
 a - a +2 scimitar of protection
 n - a +4 quarterstaff of speed
 y - a +2 rapier of electrocution (weapon)
 D - a +3 blowgun
 K - the +11 arbalest "Qisamor" {velocity, +Blink MR++ Str+2 Int-4}
   (You found it in the Dungeon)

   Any bolt fired from it inflicts extra damage.
   It affects your strength (+2).
   It affects your intelligence (-4).
   It affects your resistance to hostile enchantments.
   It lets you blink.
 O - a +3 eudemon blade of holy wrath
 S - a +3 rapier of holy wrath
Missiles
 v - 100 poisoned tomahawks (quivered)
 C - 337 bolts
 E - 15 curare-tipped needles
 F - 5 throwing nets {!f}
 M - 161 arrows
Armour
 p - a +2 pair of gloves (worn)
 s - a +1 cloak of invisibility (worn)
 G - a cursed +0 medium shield (worn)
 Q - the +0 helmet of Guma (worn) {Int+7 Stlth-}
   (You found it in the Dungeon)

   It affects your intelligence (+7).
   It makes you less stealthy.
Magical Staves
 x - an uncursed staff of energy
 N - an uncursed staff of air
Jewellery
 r - the ring "Ifoedeer" (right hand) {rElec Int+6}
   (You bought it in a shop in the Dungeon)

   [ring of intelligence]

   It affects your intelligence (+6).
   It insulates you from electricity.
 H - an uncursed ring of poison resistance
 I - a ring of protection from magic (left hand)
 J - an uncursed ring of ice
 P - an uncursed ring of wizardry
 T - the amulet of Esal (around neck) {Faith rPois}
   (You acquired it in the Dungeon)

   [amulet of faith]

   It allows you to gain divine favour quickly.
   It protects you from poison.
Wands
 l - a wand of iceblast (18)
 t - a wand of enslavement (10)
 A - a wand of random effects (21)
 R - a wand of acid (10)
 U - a wand of polymorph (5)
Scrolls
 i - 6 scrolls of blinking
 j - 7 scrolls of remove curse
 k - 2 scrolls of amnesia
 w - 3 scrolls of fear
 L - 3 scrolls of fog
Potions
 b - a potion of flight
 c - 7 potions of heal wounds
 d - 11 potions of curing
 f - a potion of brilliance
 g - 3 potions of magic
 h - 6 potions of berserk rage
 m - a potion of agility
 o - a potion of invisibility
 z - a potion of might
 B - a potion of mutation
Miscellaneous
 q - a lightning rod (4/4)
 u - a phantom mirror
Comestibles
 e - 11 rations {!d}


   Skills:
 * Level 15.0 Fighting
 - Level 4.1 Short Blades
 - Level 6.0 Throwing
 - Level 21.7 Dodging
 - Level 1.5 Stealth
 O Level 27 Shields
 * Level 26.3 Spellcasting
 * Level 23.8 Conjurations
 - Level 2.2 Charms
 - Level 10.0 Summonings
 - Level 8.1 Necromancy
 - Level 24.0 Fire Magic
 - Level 10.2 Air Magic
 - Level 10.5 Earth Magic
 - Level 2.6 Poison Magic
 - Level 8.4 Evocations


You had 8 spell levels left.
You knew the following spells:

 Your Spells              Type           Power        Failure   Level  Hunger
a - Shock                 Conj/Air       #####        0%          1    None
b - Airstrike             Air            #######...   1%          4    None
c - Conjure Flame         Conj/Fire      ########     0%          3    None
d - Fire Storm            Conj/Fire      ########..   2%          9    None
f - Lightning Bolt        Conj/Air       ########..   1%          5    None
g - Mephitic Cloud        Conj/Pois/Air  #######.     1%          3    None
h - Bolt of Fire          Conj/Fire      ########..   0%          6    None
i - Iron Shot             Conj/Erth      ########..   1%          6    None
s - Spellforged Servitor  Conj/Summ      ########..   1%          7    None
w - Swiftness             Chrm/Air       #######.     1%          2    None
E - Borgnjor's Vile Clut  Necr/Erth      #######...   4%          6    None
F - Ignition              Fire           ########..   1%          8    None

Your spell library contained the following spells:

 Spells                   Type           Power        Failure   Level  Hunger
 Lehudib's Crystal Spear  Conj/Erth      ########..   2%          8    None
 Static Discharge         Air            #######.     1%          3    None
 Ensorcelled Hibernation  Hex/Ice        #####.       2%          2    None
 Shadow Creatures         Summ           N/A          3%          6    None
 Infestation              Hex/Tmut/Pois  ######...    85%         6    None
 Darkness                 Hex            #####.....   92%         6    None
 Time Stop                Chrm/Tloc      N/A          100%        8    None


Dungeon Overview and Level Annotations

Branches:
Dungeon (1/1)

Altars:
Cheibriados
Dithmenos
Elyvilon
Fedhas
Gozag
Hepliaklqana
Kikubaaqudgha
Lugonu
Makhleb
Nemelex Xobeh
Okawaru
Qazlal
Ru
Sif Muna
Trog
Uskayaw
Vehumet
Wu Jian
Xom
Yredelemnul
Zin
The Shining One
Beogh
Jiyva

Shops:
D [}[=


Innate Abilities, Weirdness & Mutations

Your spells do not cause hunger and MP costs are reduced by 1.
Your bright wings attract enemies. (Stealth-)
You cannot fit into any form of body armour.
Your shimmering scales are hard and can block incoming attacks. (AC +8, SH +8)
You are small and have problems with some larger weapons.
You can fly continuously.


Message History

Training target 24.0 for Fire Magic reached!
Your Fighting skill increases to level 15!
Your Fire Magic skill increases to level 24!
The great blast of fire engulfs the tentacled monstrosity!!!!
The tentacled monstrosity partially resists.
The tentacled monstrosity is heavily wounded.
The great blast of fire engulfs the ancient lich!!!
The ancient lich partially resists.
The ancient lich is heavily damaged.
The great blast of fire engulfs the shadow dragon!!!
The shadow dragon is heavily wounded.
The ancient lich is engulfed in blazing flames.
The ancient lich gestures at you while chanting.
You are poisoned.
You partially resist. The poison arrow hits you!!
The tentacled monstrosity is engulfed in blazing flames.
The ancient lich points at you and mumbles some strange words.
The bolt of fire hits you!!!
Ouch! That really hurt!
You die...

▓)▓.▓)▓.▓.▓.▓.▓.♣.
▓.▓.▓.▓.▓.▓.▓.▓.♣.
▓)▓.▓.▓.▓.▓.▓.▓.♣.
▓)▓.▓.▓.▓.▓.▓.▓.♣.
▓[▓.▓.▓.▓.▓.▓)▓.▓'
▓[▓.▓.▓.▓.▓)▓.▓.▓)
▓.▓.▓.▓.▓.▓.▓.▓.▓)
▓.▓.▓.▓.▓.▓.▓.▓.▓)
▓@▓.▓'▓.▓.▓.▓.▓.▓.
▓.▓.▓)▓.▓.▓.▓.▓.▓.
▓.▓.▓)▓.▓.▓.▓.▓.▓.
▓L▓.▓)▓.▓.▓.▓.▓.▓.
▓○▓.▓)▓)▓.▓.▓.▓.▓.
▓X▓.▓)▓.▓.▓.▓.▓.▓.
▓○▓.▓[▓.▓.▓.▓)▓.▓'
▓D▓.▓.▓.▓.▓.▓.▓.▓.
▓C▓.▓.▓.▓'▓.▓.▓.▓.


You could see a shadow dragon, a tentacled monstrosity and an ancient lich.

Vanquished Creatures
  Mennas (D)
  Mara (D)
  A greater mummy (D)
  Nikola (D)
  Rupert (D)
  An Orb Guardian (D)
  A quicksilver dragon (D)
  Frances (D)
  Kirke (D)
  7 nagarajas (D)
  2 shadow dragons (D)
  A fire giant (D)
  Ilsuiw (D)
  A ghost moth (D)
  Louise (D)
  An orc warlord (D)
  An iron dragon (D)
  5 emperor scorpions (D)
  3 stone giants (D)
  2 ironheart preservers (D)
  A very ugly thing (D)
  2 entropy weavers (D)
  A spark wasp (D)
  A red draconian (D)
  4 dire elephants (D)
  2 merfolk javelineers (D)
  Josephine (D)
  2 merfolk impalers (D)
  3 fire dragons (D)
  A deep elf high priest (D)
  A yaktaur captain (D)
  6 great orbs of eyes (D)
  6 hydras (D)
  An ogre mage (D)
  An ice dragon (D)
  25 vault guards (D)
  A naga warrior (D)
  Harold (D)
  A ghost crab (D)
  3 rakshasas (D)
  2 spriggan air magi (D)
  Psyche (D)
  A death knight (D)
  An anaconda (shapeshifter) (D)
  5 centaur warriors (D)
  2 alligators (D)
  A two-headed ogre (D)
  8 merfolk aquamancers (D)
  A deep troll shaman (D)
  3 sea snakes (D)
  A spriggan berserker (D)
  A naga sharpshooter (D)
  A deep elf knight (D)
  2 orc high priests (D)
  Nergalle (D)
  A shock serpent (D)
  Sonja (D)
  8 swamp dragons (D)
  2 naga ritualists (D)
  A flayed ghost (D)
  A deep elf mage (D)
  5 ironbrand convokers (D)
  8 orc knights (D)
  A wizard (D)
  A mana viper (D)
  3 orb spiders (D)
  2 wolf spiders (D)
  2 orc sorcerers (D)
  An ugly thing (D)
  3 black mambas (D)
  2 moths of wrath (D)
  2 guardian serpents (D)
  5 elephants (D)
  Maurice (D)
  4 naga magi (D)
  2 vault sentinels (D)
  A water nymph (shapeshifter) (D)
  2 demonic crawlers (D)
  2 cane toads (D)
  3 freezing wraiths (D)
  A guardian mummy (D)
  A yaktaur (D)
  A yaktaur (shapeshifter) (D)
  2 komodo dragons (D)
  2 jumping spiders (D)
  3 merfolk (D)
  A tyrant leech (D)
  A hornet (D)
  3 slime creatures (D)
  3 blink frogs (D)
  2 snapping turtles (D)
  A bog body (D)
  A hippogriff (D)
  A tarantella (D)
  A water elemental (D)
  A yak (shapeshifter) (D)
  A vampire (D)
  2 redbacks (D)
  4 wraiths (D)
  2 yaks (D)
  A wyvern (D)
  6 hogs (D)
  2 nagas (D)
  3 crocodiles (D)
  A naga (shapeshifter) (D)
  A water moccasin (D)
  A porcupine (D)
  10 orc warriors (D)
  A swamp drake (D)
  An ice beast (D)
  A black bear (D)
  An eye of draining (shapeshifter) (D)
  An ogre (D)
  2 bullfrogs (D)
  A crimson imp (D)
  3 orc priests (D)
  2 worker ants (D)
  2 orc wizards (D)
  2 adders (D)
  A shadow imp (D)
  An adder zombie (D)
  A worm (D)
  A leopard gecko (D)
  14 orcs (D)
  3 bats (D)
  A giant cockroach (D)
  A jackal (D)
  A ball python skeleton (D)
  2 bat simulacra (D)
  A quokka skeleton (D)
296 creatures vanquished.

Vanquished Creatures (others)
  2 cane toads (D)
  12 fire vortices (D)
14 creatures vanquished.

Grand Total: 310 creatures vanquished

Notes
Turn   | Place    | Note
-------+----------+-------------------------------------------
     0 | D        | MordorOrchid the Fairy Air Elementalist began the quest for
                  | the Orb.
     0 | D        | Reached XP level 1. HP: 11/11 MP: 6/6
     5 | D        | Reached skill level 1 in Fighting
    19 | D        | Reached XP level 2. HP: 19/19 MP: 7/7
    32 | D        | Learned a level 2 spell: Swiftness
    40 | D        | Reached skill level 5 in Air Magic
    40 | D        | Reached XP level 3. HP: 24/24 MP: 8/10
    51 | D        | Found a roughly hewn altar of Beogh.
    51 | D        | Found a snail-covered altar of Cheibriados.
    51 | D        | Found a shadowy altar of Dithmenos.
    51 | D        | Found a white marble altar of Elyvilon.
    51 | D        | Found a blossoming altar of Fedhas.
    51 | D        | Found an opulent altar of Gozag.
    52 | D        | Found a hazy altar of Hepliaklqana.
    53 | D        | Found a viscous altar of Jiyva.
    54 | D        | Found an ancient bone altar of Kikubaaqudgha.
    55 | D        | Found a corrupted altar of Lugonu.
    56 | D        | Found a burning altar of Makhleb.
    57 | D        | Found a sparkling altar of Nemelex Xobeh.
    58 | D        | Found an iron altar of Okawaru.
    59 | D        | Found a stormy altar of Qazlal.
    60 | D        | Found a sacrificial altar of Ru.
    61 | D        | Found a shimmering blue altar of Sif Muna.
    62 | D        | Found a bloodstained altar of Trog.
    63 | D        | Found a hide-covered altar of Uskayaw.
    64 | D        | Found a radiant altar of Vehumet.
    65 | D        | Found an ornate altar of the Wu Jian Council.
    66 | D        | Found a shimmering altar of Xom.
    67 | D        | Found a basalt altar of Yredelemnul.
    68 | D        | Found a glowing silver altar of Zin.
    69 | D        | Found a glowing golden altar of the Shining One.
    72 | D        | Became a worshipper of Vehumet
   112 | D        | Noticed a bullfrog
   112 | D        | Noticed an ogre
   112 | D        | Noticed an ice beast
   121 | D        | Reached * piety under Vehumet
   121 | D        | Offered knowledge of Freeze by Vehumet.
   121 | D        | Reached skill level 1 in Evocations
   121 | D        | Reached XP level 4. HP: 29/29 MP: 12/12
   130 | D        | Killed an ice beast
   130 | D        | Reached skill level 5 in Spellcasting
   130 | D        | Reached XP level 5. HP: 26/34 MP: 13/15
   131 | D        | Killed a bullfrog
   131 | D        | Reached skill level 5 in Conjurations
   132 | D        | Killed an ogre
   132 | D        | Reached ** piety under Vehumet
   132 | D        | Reached skill level 10 in Air Magic
   132 | D        | Reached skill level 5 in Evocations
   132 | D        | Reached XP level 6. HP: 30/39 MP: 15/18
   147 | D        | Learned a level 5 spell: Lightning Bolt
   152 | D        | Learned a level 4 spell: Airstrike
   171 | D        | Noticed a slime creature
   171 | D        | Noticed a two-headed ogre
   171 | D        | Noticed a black bear
   171 | D        | Noticed a centaur warrior
   178 | D        | Killed a two-headed ogre
   178 | D        | Reached skill level 5 in Fighting
   178 | D        | Reached XP level 7. HP: 32/50 MP: 18/23
   178 | D        | Reached XP level 8. HP: 35/55 MP: 19/25
   178 | D        | Reached *** piety under Vehumet
   181 | D        | Killed a slime creature
   181 | D        | Reached skill level 10 in Conjurations
   186 | D        | Killed a centaur warrior
   186 | D        | Reached XP level 9. HP: 28/61 MP: 9/29
   317 | D        | Noticed a cane toad
   317 | D        | Noticed a cane toad
   317 | D        | Noticed a black mamba
   318 | D        | Offered knowledge of Magic Dart by Vehumet.
   318 | D        | Reached skill level 1 in Charms
   319 | D        | Killed a cane toad
   319 | D        | Reached **** piety under Vehumet
   319 | D        | Noticed an elephant
   320 | D        | Killed a black mamba
   320 | D        | Reached skill level 15 in Spellcasting
   321 | D        | Killed a cane toad
   321 | D        | Killed an elephant
   321 | D        | Reached ***** piety under Vehumet
   321 | D        | Reached skill level 10 in Dodging
   321 | D        | Reached XP level 10. HP: 68/71 MP: 21/31
   373 | D        | Noticed a black mamba
   377 | D        | Killed a black mamba
   379 | D        | Reached ****** piety under Vehumet
   419 | D        | Noticed a dire elephant
   419 | D        | Noticed an elephant
   419 | D        | Noticed a dire elephant
   419 | D        | Noticed a dire elephant
   419 | D        | Noticed an elephant
   419 | D        | Noticed a dire elephant
   421 | D        | Killed an elephant
   422 | D        | Noticed an elephant
   423 | D        | Killed a dire elephant
   423 | D        | Killed an elephant
   423 | D        | Reached XP level 11. HP: 75/81 MP: 25/33
   423 | D        | Killed a dire elephant
   423 | D        | Reached skill level 10 in Fighting
   425 | D        | Killed a dire elephant
   425 | D        | Reached skill level 15 in Conjurations
   426 | D        | Killed a dire elephant
   470 | D        | Noticed Maurice
   473 | D        | Killed Maurice
   524 | D        | Noticed Psyche
   538 | D        | Killed Psyche
   538 | D        | Offered knowledge of Iskenderun's Mystic Blast by Vehumet.
   654 | D        | Reached skill level 15 in Dodging
   699 | D        | Learned a level 6 spell: Borgnjor's Vile Clutch
   699 | D        | Noticed an orc knight
   699 | D        | Noticed an orc knight
   699 | D        | Noticed an orc knight
   700 | D        | Offered knowledge of Conjure Flame by Vehumet.
   700 | D        | Reached skill level 1 in Earth Magic
   700 | D        | Reached skill level 1 in Necromancy
   701 | D        | Noticed an orc knight
   703 | D        | Killed an orc knight
   703 | D        | Killed an orc knight
   705 | D        | Killed an orc knight
   705 | D        | Reached skill level 5 in Earth Magic
   705 | D        | Killed an orc knight
   705 | D        | Reached skill level 5 in Necromancy
   705 | D        | Reached XP level 12. HP: 64/90 MP: 20/34
   790 | D        | Learned a level 3 spell: Conjure Flame
   790 | D        | Found Xemogean's Antique Armour Emporium.
   790 | D        | Noticed an orc high priest
   791 | D        | Offered knowledge of Mephitic Cloud by Vehumet.
   792 | D        | Killed an orc high priest
   803 | D        | Found Neeggugy's Gadget Shoppe.
   807 | D        | Found Ecluw's Armour Emporium.
   813 | D        | Reached skill level 10 in Earth Magic
   814 | D        | Noticed an orc high priest
   817 | D        | Killed an orc high priest
   822 | D        | Learned a level 3 spell: Mephitic Cloud
   840 | D        | Found Mooboluo's Jewellery Shoppe.
   854 | D        | Bought a cursed amulet of inaccuracy for 20 gold pieces
   889 | D        | Noticed Sonja
   892 | D        | Killed Sonja
   892 | D        | Offered knowledge of Iron Shot by Vehumet.
   892 | D        | Reached skill level 1 in Poison Magic
   898 | D        | Noticed Harold
   900 | D        | Killed Harold
   974 | D        | Got the +11 arbalest "Qisamor" {velocity, +Blink MR++ Str+2
                  | Int-4}
  1140 | D        | Bought a pair of runed gloves for 247 gold pieces
  1140 | D        | Bought an embroidered cloak for 247 gold pieces
  1164 | D        | Bought a lightning rod (4/4) for 400 gold pieces
  1170 | D        | Bought the ring "Ifoedeer" {rElec Int+6} for 725 gold
                  | pieces
  1177 | D        | Bought a wand of enslavement (10) for 120 gold pieces
  1311 | D        | Learned a level 6 spell: Iron Shot
  1313 | D        | Offered knowledge of Sticky Flame by Vehumet.
  1314 | D        | Noticed an ice dragon
  1316 | D        | Noticed a spriggan berserker
  1318 | D        | Noticed a rakshasa
  1320 | D        | Noticed a death yak
  1320 | D        | Killed an ice dragon
  1320 | D        | Killed a spriggan berserker
  1322 | D        | Killed a rakshasa
  1361 | D        | Noticed a great orb of eyes
  1364 | D        | Paralysed by a great orb of eyes for 3 turns
  1370 | D        | Paralysed by a great orb of eyes for 4 turns
  1375 | D        | Killed a great orb of eyes
  1381 | D        | Noticed a great orb of eyes
  1386 | D        | Killed a great orb of eyes
  1386 | D        | Reached XP level 13. HP: 84/97 MP: 7/38
  1454 | D        | Noticed a great orb of eyes
  1456 | D        | Killed a great orb of eyes
  1491 | D        | Offered knowledge of Bolt of Fire by Vehumet.
  1491 | D        | Noticed Josephine
  1498 | D        | Killed Josephine
  1551 | D        | Noticed Frances
  1557 | D        | Killed Frances
  1614 | D        | Noticed Kirke
  1620 | D        | Killed Kirke
  1703 | D        | Learned a level 6 spell: Bolt of Fire
  1703 | D        | Noticed an entropy weaver
  1703 | D        | Noticed an entropy weaver
  1704 | D        | Offered knowledge of Conjure Ball Lightning by Vehumet.
  1706 | D        | Killed an entropy weaver
  1708 | D        | Killed an entropy weaver
  1709 | D        | Reached skill level 10 in Fire Magic
  1756 | D        | Noticed a nagaraja
  1760 | D        | Killed a nagaraja
  1827 | D        | Reached skill level 15 in Fire Magic
  1827 | D        | Reached XP level 14. HP: 103/103 MP: 40/40
  1846 | D        | Offered knowledge of Ozocubu's Refrigeration by Vehumet.
  2035 | D        | Noticed a fire giant
  2037 | D        | Reached skill level 1 in Throwing
  2038 | D        | Offered knowledge of Icicle Burst by Vehumet.
  2039 | D        | Noticed a stone giant
  2040 | D        | Killed a fire giant
  2049 | D        | Killed a stone giant
  2051 | D        | Noticed a stone giant
  2061 | D        | Killed a stone giant
  2076 | D        | Noticed an iron dragon
  2161 | D        | Killed an iron dragon
  2248 | D        | Offered knowledge of Spellforged Servitor by Vehumet.
  2248 | D        | Reached skill level 5 in Throwing
  2477 | D        | Noticed a stone giant
  2481 | D        | Killed a stone giant
  2519 | D        | Learned a level 7 spell: Spellforged Servitor
  2535 | D        | Noticed a purple very ugly thing
  2539 | D        | Killed a purple very ugly thing
  2539 | D        | Reached skill level 1 in Summonings
  2579 | D        | Reached XP level 15. HP: 113/113 MP: 33/45
  2692 | D        | Offered knowledge of Lehudib's Crystal Spear by Vehumet.
  2692 | D        | Offered knowledge of Fire Storm by Vehumet.
  2692 | D        | Offered knowledge of Ignition by Vehumet.
  2716 | D        | Learned a level 8 spell: Ignition
  2726 | D        | Learned a level 9 spell: Fire Storm
  2769 | D        | Reached skill level 5 in Summonings
  2988 | D        | Noticed Mara
  2995 | D        | Killed Mara
  3070 | D        | Noticed Mennas
  3074 | D        | Killed Mennas
  3143 | D        | Got the +0 helmet of Guma {Int+7 Stlth-}
  3208 | D        | Noticed Nergalle
  3212 | D        | Killed Nergalle
  3212 | D        | Reached skill level 1 in Shields
  3216 | D        | Noticed Nikola
  3222 | D        | Killed Nikola
  3222 | D        | Reached skill level 2 in Shields
  3341 | D        | Reached skill level 3 in Shields
  3341 | D        | Reached skill level 10 in Summonings
  3342 | D        | Reached skill level 4 in Shields
  3345 | D        | Reached skill level 5 in Shields
  3347 | D        | Reached skill level 6 in Shields
  3349 | D        | Reached skill level 8 in Shields
  3349 | D        | Reached skill level 9 in Shields
  3349 | D        | Reached skill level 10 in Shields
  3358 | D        | Reached skill level 11 in Shields
  3366 | D        | Got a decaying rune of Zot
  3388 | D        | Noticed an emperor scorpion
  3389 | D        | Killed a ghost moth
  3389 | D        | Reached skill level 12 in Shields
  3390 | D        | Reached XP level 16. HP: 119/119 MP: 33/46
  3390 | D        | Reached skill level 13 in Shields
  3394 | D        | Reached skill level 14 in Shields
  3396 | D        | Reached skill level 15 in Shields
  3401 | D        | Reached skill level 16 in Shields
  3412 | D        | Got a gossamer rune of Zot
  3462 | D        | Noticed Ilsuiw
  3463 | D        | Reached skill level 17 in Shields
  3464 | D        | Reached skill level 18 in Shields
  3470 | D        | Killed Ilsuiw
  3472 | D        | Reached skill level 19 in Shields
  3480 | D        | Reached skill level 20 in Shields
  3538 | D        | Got a barnacled rune of Zot
  3566 | D        | Noticed a nagaraja
  3566 | D        | Noticed a nagaraja
  3566 | D        | Noticed a nagaraja
  3568 | D        | Killed a nagaraja
  3568 | D        | Reached skill level 21 in Shields
  3569 | D        | Killed a nagaraja
  3570 | D        | Killed a nagaraja
  3570 | D        | Reached skill level 22 in Shields
  3571 | D        | Noticed a nagaraja
  3579 | D        | Noticed a nagaraja
  3581 | D        | Killed a nagaraja
  3582 | D        | Killed a nagaraja
  3582 | D        | Reached skill level 23 in Shields
  3616 | D        | Noticed a nagaraja
  3619 | D        | Killed a nagaraja
  3619 | D        | Reached skill level 24 in Shields
  3679 | D        | Got a serpentine rune of Zot
  3691 | D        | Noticed Rupert
  3695 | D        | Killed Rupert
  3698 | D        | Noticed Louise
  3700 | D        | Killed Louise
  3700 | D        | Reached skill level 25 in Shields
  3825 | D        | Reached XP level 17. HP: 125/125 MP: 9/47
  3920 | D        | Reached skill level 26 in Shields
  3995 | D        | Noticed a quicksilver dragon
  3996 | D        | Reached skill level 27 in Shields
  3999 | D        | Killed a quicksilver dragon
  4101 | D        | Noticed an Orb Guardian
  4105 | D        | Killed an Orb Guardian
  4113 | D        | Noticed a greater mummy
  4222 | D        | Killed a greater mummy
  4301 | D        | Identified a scroll of acquirement
  4303 | D        | Identified the amulet of Esal {Faith rPois} (You acquired
                  | it in the Dungeon)
  4315 | D        | Noticed a tentacled monstrosity
  4315 | D        | Noticed an ancient lich
  4321 | D        | Reached skill level 15 in Fighting
  4321 | D        | Killed from afar by an ancient lich

Skill      XL: |  1  2  3  4  5  6  7  8  9 10 11 12 13 14 15 16 17 |
---------------+----------------------------------------------------+-----
Fighting       | 2 5 7 9 11 12 14 15 | 15.0
Dodging        | 4 7 10 12 15 16 20 21 | 21.7
Spellcasting   | 3 4 5 7 11 14 15 16 19 20 24 26 | 26.3
Conjurations   | 2 3 4 6 9 12 13 16 20 21 23 | 23.8
Air Magic      | 5 6 8 10 | 10.2
Evocations     | 1 3 5 8 |  8.4
Charms         | 2 |  2.2
Short Blades   | 4 |  4.1
Earth Magic    | 6 10 | 10.5
Necromancy     | 5 8 |  8.1
Fire Magic     | 3 15 16 20 21 24 | 24.0
Poison Magic   | 2 |  2.6
Throwing       | 6 |  6.0
Summonings     | 3 10 | 10.0
Shields        | 12 25 27 | 27.0
Stealth        | |  1.5

Action                   |  1- 3 |  4- 6 |  7- 9 | 10-12 | 13-15 | 16-18 || total
-------------------------+-------+-------+-------+-------+-------+-------++-------
Melee: Rapier            |     7 |     5 |       |     4 |    21 |     8 ||    45
Throw: Tomahawk          |       |       |       |       |    10 |     9 ||    19
 Cast: Shock             |    20 |    10 |     2 |    11 |       |     1 ||    44
       Lightning Bolt    |       |       |     6 |    59 |    39 |     2 ||   106
       Airstrike         |       |       |     3 |    31 |    23 |     6 ||    63
       Mephitic Cloud    |       |       |       |     2 |     6 |     8 ||    16
       Conjure Flame     |       |       |       |     1 |     2 |       ||     3
       Iron Shot         |       |       |       |       |    18 |     4 ||    22
       Bolt of Fire      |       |       |       |       |    52 |    61 ||   113
       Borgnjor's Vile C |       |       |       |       |    20 |    11 ||    31
       Fire Storm        |       |       |       |       |     7 |    24 ||    31
 Abil: Evoke Invisibilit |       |       |       |       |     2 |     1 ||     3
       Stop Flying       |       |       |       |       |     1 |       ||     1
Evoke: Lightning rod     |       |       |       |       |     4 |       ||     4
       Wand              |       |       |       |       |     1 |       ||     1
  Use: Potion            |     2 |       |       |     1 |     1 |     2 ||     6
       Scroll            |       |       |       |       |     1 |     1 ||     2
 Stab: Invisible         |     1 |       |       |       |       |       ||     1
       Confused          |       |       |       |       |     1 |     1 ||     2
  Eat: Chunk             |       |       |       |     1 |     5 |     1 ||     7
       Ration            |       |       |       |       |     1 |       ||     1
Armor: Skin              |     1 |       |     2 |     2 |     2 |     1 ||     8
Dodge: Dodged            |    12 |    15 |     7 |    33 |    54 |     9 ||   130
Block: Other             |       |     2 |     2 |    13 |    22 |       ||    39
       Medium shield     |       |       |       |       |       |    15 ||    15
